AAA WEST
SACRAMENTO RIVER CATS @ TACOMA RAINIERS
05/22/2042
 
TOP OF THE 1ST
Sacramento River Cats batting - Pitching for Tacoma Rainiers : RHP António Santos
Pitching: RHP António Santos
Batting: LHB Deron Ferrell 0-0: Ball
1-0: Ball
2-0: Swinging Strike
2-1: Ball
3-1: Base on Balls
Batting: RHB Kris Smith 0-0: Foul Ball, location: 9LSFF
0-1: Fly out, F4 (Line Drive, 4, EV 68.1 MPH)
Batting: RHB Dewitt Mathews 0-0: Grounds into double play, 6-4-3 (Groundball, 6, EV 95.6 MPH)
Top of the 1st over - 0 runs, 0 hits, 0 errors, 0 left on base; Sacramento 0 - Tacoma 0
BOTTOM OF THE 1ST
Tacoma Rainiers batting - Pitching for Sacramento River Cats : LHP Mannus Berckel
Pitching: LHP Mannus Berckel
Batting: RHB Doug Hawk 0-0: Fly out, F9 (Flyball, 9, EV 96.9 MPH)
Batting: RHB Enrico Mendoza 0-0: Called Strike
0-1: Called Strike
0-2: Ball
1-2: Ball
2-2: Ball
3-2: Strikes out looking
Batting: LHB José Ortíz 0-0: Ball
1-0: Ball
2-0: Ball
3-0: Base on Balls
Batting: RHB Rusty Smith 0-0: Called Strike
0-1: Ball
1-1: Ball
2-1: Foul Ball, location: 23F
2-2: Strikes out swinging
Bottom of the 1st over - 0 runs, 0 hits, 0 errors, 1 left on base; Sacramento 0 - Tacoma 0
TOP OF THE 2ND
Sacramento River Cats batting - Pitching for Tacoma Rainiers : RHP António Santos
Batting: RHB Lou MacDonald 0-0: Ball
1-0: Called Strike
1-1: Ground out 4-3 (Groundball, 4, EV 95.0 MPH)
Batting: LHB Jon Stone 0-0: Swinging Strike
0-1: Called Strike
0-2: Foul Ball, location: 23FF
0-2: Strikes out swinging
Batting: RHB José Simmons 0-0: Ball
1-0: Ball
2-0: Foul Ball, location: 9LSF
2-1: Ball
3-1: Called Strike
3-2: Strikes out looking
Top of the 2nd over - 0 runs, 0 hits, 0 errors, 0 left on base; Sacramento 0 - Tacoma 0
BOTTOM OF THE 2ND
Tacoma Rainiers batting - Pitching for Sacramento River Cats : LHP Mannus Berckel
Batting: RHB Dan Sibbald 0-0: Foul Ball, location: 7LMF
0-1: Foul Ball, location: 9LDF
0-2: Foul Ball, location: 2F
0-2: Strikes out swinging
Batting: RHB Ric Dennis 0-0: Ball
1-0: Called Strike
1-1: Ball
2-1: Called Strike
2-2: Ground out 4-3 (Groundball, 4, EV 81.3 MPH)
Batting: LHB Joe Myers 0-0: Foul Ball, location: 2F
0-1: Ball
1-1: Ball
2-1: Ball
3-1: Foul Ball, location: 2F
3-2: SINGLE (Groundball, 4MD, EV 78.1 MPH) (infield hit)
Batting: LHB Juan Gutiérrez 0-0: Called Strike
0-1: Foul Ball, location: 5F
0-2: SINGLE (Groundball, 6MD, EV 107.5 MPH)
Joe Myers to second
Batting: RHB Josh Hannemann 0-0: Ball
1-0: Foul Ball, location: 5F
1-1: Ball
2-1: Ball
3-1: Base on Balls
Joe Myers to third
Juan Gutiérrez to second
Batting: RHB Doug Hawk 0-0: Ball
1-0: Ball
2-0: Ball
3-0: Called Strike
3-1: Called Strike
3-2: Base on Balls
Joe Myers scores
Juan Gutiérrez to third
Josh Hannemann to second
Batting: RHB Enrico Mendoza 0-0: Called Strike
0-1: Ball
1-1: SINGLE (Line Drive, 8LS, EV 90.6 MPH)
Juan Gutiérrez scores
Josh Hannemann to third
Doug Hawk to second
Runner from 3rd tries for Home, SAFE, throw by CF to home
Batting: LHB José Ortíz 0-0: Ball
1-0: Ball
2-0: Ball
3-0: TRIPLE (Flyball, 89XD, EV 90.0 MPH)
Doug Hawk scores
Enrico Mendoza scores
Batting: RHB Rusty Smith 0-0: Ball
1-0: Ball
2-0: Foul Ball, location: 2F
2-1: Ball
3-1: Base on Balls
Batting: RHB Dan Sibbald 0-0: Ball
1-0: Fly out, F7 (Flyball, 7D, EV 91.9 MPH)
Bottom of the 2nd over - 5 runs, 4 hits, 0 errors, 2 left on base; Sacramento 0 - Tacoma 5
TOP OF THE 3RD
Sacramento River Cats batting - Pitching for Tacoma Rainiers : RHP António Santos
Batting: RHB Tim Miller 0-0: Ball
1-0: Ball
2-0: Ball
3-0: Called Strike
3-1: Called Strike
3-2: Ground out 5-3 (Groundball, 5, EV 100.0 MPH)
Batting: LHB Luis Manuel Valéncia 0-0: Ball
1-0: Foul Ball, location: 2F
1-1: Foul Ball, location: 2F
1-2: Ball
2-2: Ball
3-2: Foul Ball, location: 2F
3-2: Base on Balls
Batting: RHB Jim Unknown 0-0: Called Strike
0-1: Ball
1-1: Swinging Strike
1-2: Ball
2-2: Ball
3-2: Strikes out looking
Batting: LHB Deron Ferrell 0-0: Fly out, F9 (Flyball, 9LS, EV 90.6 MPH)
Top of the 3rd over - 0 runs, 0 hits, 0 errors, 1 left on base; Sacramento 0 - Tacoma 5
BOTTOM OF THE 3RD
Tacoma Rainiers batting - Pitching for Sacramento River Cats : LHP Mannus Berckel
Batting: RHB Ric Dennis 0-0: Ball
1-0: Ground out 6-3 (Groundball, 6, EV 104.4 MPH)
Batting: LHB Joe Myers 0-0: Ball
1-0: SINGLE (Line Drive, 4M, EV 72.5 MPH)
Batting: LHB Juan Gutiérrez 0-0: Called Strike
0-1: Foul Ball, location: 2F
0-2: Foul Ball, location: 25FF
0-2: Ball
1-2: Grounds into double play, 4-6-3 (Groundball, 4, EV 83.8 MPH)
Bottom of the 3rd over - 0 runs, 1 hit, 0 errors, 0 left on base; Sacramento 0 - Tacoma 5
TOP OF THE 4TH
Sacramento River Cats batting - Pitching for Tacoma Rainiers : RHP António Santos
Batting: RHB Kris Smith 0-0: Ball
1-0: Foul Ball, location: 23F
1-1: Ball
2-1: Swinging Strike
2-2: Foul Ball, location: 23FF
2-2: TRIPLE (Flyball, 78XD, EV 88.1 MPH)
Batting: RHB Dewitt Mathews 0-0: Ball
1-0: 2-RUN HOME RUN (Flyball, 7D, EV 93.8 MPH), Distance : 370 ft
Batting: RHB Lou MacDonald 0-0: Ball
1-0: Fly out, F3 (Popup, 3SF, EV 68.8 MPH)
Batting: LHB Jon Stone 0-0: Swinging Strike
0-1: Foul Ball, location: 9LMF
0-2: Foul Ball, location: 2F
0-2: Ball
1-2: Strikes out swinging
Batting: RHB José Simmons 0-0: Called Strike
0-1: Foul Ball, location: 9LDF
0-2: Ball
1-2: Fly out, F8 (Flyball, 8RM, EV 85.6 MPH)
Top of the 4th over - 2 runs, 2 hits, 0 errors, 0 left on base; Sacramento 2 - Tacoma 5
BOTTOM OF THE 4TH
Tacoma Rainiers batting - Pitching for Sacramento River Cats : LHP Mannus Berckel
Batting: RHB Josh Hannemann 0-0: Fly out, F8 (Flyball, 8RD, EV 96.3 MPH)
Batting: RHB Doug Hawk 0-0: Ball
1-0: SINGLE (Line Drive, 4M, EV 95.6 MPH)
Batting: RHB Enrico Mendoza 0-0: Fly out, F7 (Line Drive, 7, EV 89.4 MPH)
Batting: LHB José Ortíz 0-0: Called Strike
0-1: Called Strike
0-2: Foul Ball, location: 7LDF
0-2: Ball
Doug Hawk is caught stealing 2nd base 2-6
Bottom of the 4th over - 0 runs, 1 hit, 0 errors, 0 left on base; Sacramento 2 - Tacoma 5
TOP OF THE 5TH
Sacramento River Cats batting - Pitching for Tacoma Rainiers : RHP António Santos
Batting: RHB Tim Miller 0-0: Ball
1-0: Foul Ball, location: 23FF
1-1: Foul Ball, location: 9LMF
1-2: Ground out 5-3 (Groundball, 56, EV 103.1 MPH)
Batting: LHB Luis Manuel Valéncia 0-0: Fly out, F2 (Popup, 2RF, EV 85.0 MPH)
Batting: RHB Jim Unknown 0-0: Called Strike
0-1: Called Strike
0-2: Ball
1-2: Ball
2-2: Foul Ball, location: 9LDF
2-2: Foul Ball, location: 2F
2-2: Foul Ball, location: 2LF
2-2: Strikes out swinging
Top of the 5th over - 0 runs, 0 hits, 0 errors, 0 left on base; Sacramento 2 - Tacoma 5
BOTTOM OF THE 5TH
Tacoma Rainiers batting - Pitching for Sacramento River Cats : LHP Mannus Berckel
Batting: LHB José Ortíz 0-0: Called Strike
0-1: Fly out, F7 (Flyball, 7, EV 85.6 MPH)
Batting: RHB Rusty Smith 0-0: Ball
1-0: Ball
2-0: Called Strike
2-1: Swinging Strike
2-2: Ball
3-2: Base on Balls
Batting: RHB Dan Sibbald 0-0: Grounds into double play, 5-4-3 (Groundball, 56S, EV 85.0 MPH)
Bottom of the 5th over - 0 runs, 0 hits, 0 errors, 0 left on base; Sacramento 2 - Tacoma 5
TOP OF THE 6TH
Sacramento River Cats batting - Pitching for Tacoma Rainiers : RHP António Santos
Batting: LHB Deron Ferrell 0-0: Swinging Strike
0-1: Fly out, F6 (Popup, 6M, EV 58.1 MPH)
Batting: RHB Kris Smith 0-0: Ball
1-0: Ball
2-0: Ball
3-0: Called Strike
3-1: Base on Balls
Batting: RHB Dewitt Mathews 0-0: Called Strike
0-1: Called Strike
Kris Smith steals 2nd base (no throw)
0-2: Strikes out swinging
Batting: RHB Lou MacDonald 0-0: Ball
1-0: SINGLE (Groundball, 6MD, EV 98.8 MPH)
Kris Smith to third
Runner from 3rd tries for Home, SAFE, throw by CF to home
Batting: LHB Jon Stone 0-0: Swinging Strike
0-1: Ball
1-1: Foul Ball, location: 25FF
1-2: Ball
2-2: Ball
3-2: Ground out 4-3 (Groundball, 4, EV 101.9 MPH)
Top of the 6th over - 1 run, 1 hit, 0 errors, 1 left on base; Sacramento 3 - Tacoma 5
BOTTOM OF THE 6TH
Tacoma Rainiers batting - Pitching for Sacramento River Cats : LHP Mannus Berckel
Batting: RHB Ric Dennis 0-0: Ground out 4-3 (Groundball, 4, EV 100.0 MPH)
Batting: LHB Joe Myers 0-0: Foul Ball, location: 3DF
0-1: Ball
1-1: Called Strike
1-2: Fly out, F8 (Line Drive, 8RM, EV 101.3 MPH)
Pitching: LHP Juan Díaz
Batting: LHB Juan Gutiérrez 0-0: Foul Ball, location: 5DF
0-1: Foul Ball, location: 5SF
0-2: Ground out U3 (Groundball, 34, EV 97.5 MPH)
Bottom of the 6th over - 0 runs, 0 hits, 0 errors, 0 left on base; Sacramento 3 - Tacoma 5
TOP OF THE 7TH
Sacramento River Cats batting - Pitching for Tacoma Rainiers : RHP António Santos
Batting: RHB José Simmons 0-0: Ball
1-0: Called Strike
1-1: Foul Ball, location: 9LSF
1-2: Foul Ball, location: 5FF
1-2: Ball
2-2: Fly out, F8 (Flyball, 8RM, EV 84.4 MPH)
Batting: RHB Tim Miller 0-0: SINGLE (Groundball, 34D, EV 101.3 MPH)
Batting: LHB Luis Manuel Valéncia 0-0: Foul Ball, location: 3FF
0-1: Hit by Pitch
Tim Miller to second
Batting: RHB Jim Ketteridge 0-0: Called Strike
0-1: Called Strike
0-2: Ball
1-2: Ball
2-2: Foul Ball, location: 9LMF
2-2: Ball
3-2: Foul Ball, location: 5F
3-2: Foul Ball, location: 2F
3-2: Base on Balls
Tim Miller to third
Luis Manuel Valéncia to second
Pitching: LHP Artie Gómez
Batting: LHB Deron Ferrell 0-0: Ball
1-0: Ball
2-0: Ball
3-0: Called Strike
3-1: Fly out, F9 (Flyball, 9LS, EV 90.6 MPH)
Batting: RHB Kris Smith 0-0: Ball
1-0: Ball
2-0: Ball
3-0: Called Strike
3-1: Base on Balls
Tim Miller scores
Luis Manuel Valéncia to third
Jim Ketteridge to second
Batting: RHB Dewitt Mathews 0-0: Ball
1-0: Swinging Strike
1-1: Ball
2-1: Ball
3-1: Base on Balls
Luis Manuel Valéncia scores
Jim Ketteridge to third
Kris Smith to second
Batting: RHB Lou MacDonald 0-0: Ball
1-0: Ball
2-0: Called Strike
2-1: Ball
3-1: Base on Balls
Jim Ketteridge scores
Kris Smith to third
Dewitt Mathews to second
Batting: LHB Jon Stone 0-0: Ball
1-0: Swinging Strike
1-1: Called Strike
1-2: Fly out, F4 (Popup, 4S, EV 80.0 MPH)
Top of the 7th over - 3 runs, 1 hit, 0 errors, 3 left on base; Sacramento 6 - Tacoma 5
BOTTOM OF THE 7TH
Tacoma Rainiers batting - Pitching for Sacramento River Cats : LHP Juan Díaz
Batting: RHB Josh Hannemann 0-0: Called Strike
0-1: Foul Ball, location: 9LDF
0-2: Foul Ball, location: 23F
0-2: Ball
1-2: Strikes out swinging
Batting: RHB Doug Hawk 0-0: SINGLE (Groundball, 56, EV 100.6 MPH)
Batting: RHB Enrico Mendoza 0-0: Grounds into double play, 6-4-3 (Groundball, 56S, EV 82.5 MPH)
Bottom of the 7th over - 0 runs, 1 hit, 0 errors, 0 left on base; Sacramento 6 - Tacoma 5
TOP OF THE 8TH
Sacramento River Cats batting - Pitching for Tacoma Rainiers : LHP Artie Gómez
Batting: RHB José Simmons 0-0: Called Strike
0-1: Foul Ball, location: 9LDF
0-2: Ball
1-2: Strikes out looking
Batting: RHB Tim Miller 0-0: Called Strike
0-1: Ground out 6-3 (Groundball, 6, EV 100.6 MPH)
Batting: LHB Luis Manuel Valéncia 0-0: Foul Ball, location: 7LSF
0-1: Called Strike
0-2: Strikes out swinging
Top of the 8th over - 0 runs, 0 hits, 0 errors, 0 left on base; Sacramento 6 - Tacoma 5
BOTTOM OF THE 8TH
Tacoma Rainiers batting - Pitching for Sacramento River Cats : LHP Juan Díaz
Batting: LHB José Ortíz 0-0: Ball
1-0: Ball
2-0: Ball
3-0: Base on Balls
Batting: RHB Rusty Smith 0-0: Called Strike
0-1: Foul Ball, location: 3FF
0-2: Ball
1-2: Ball
2-2: Strikes out swinging
Batting: RHB Dan Sibbald 0-0: Called Strike
0-1: Foul Ball, location: 2F
0-2: Strikes out looking
Batting: RHB Ric Dennis 0-0: Swinging Strike
0-1: Called Strike
0-2: Foul Ball, location: 5FF
0-2: Ball
1-2: Foul Ball, location: 2RF
1-2: Ball
2-2: Strikes out looking
Bottom of the 8th over - 0 runs, 0 hits, 0 errors, 1 left on base; Sacramento 6 - Tacoma 5
TOP OF THE 9TH
Sacramento River Cats batting - Pitching for Tacoma Rainiers : LHP Artie Gómez
Batting: RHB Jim Ketteridge 0-0: Foul Ball, location: 9LSF
0-1: Ball
1-1: Ball
2-1: Swinging Strike
2-2: Foul Ball, location: 2F
2-2: Foul Ball, location: 2RF
2-2: Fly out, F4 (Line Drive, 4, EV 64.4 MPH)
Pitching: RHP Jeff Jackson
Batting: LHB Deron Ferrell 0-0: Ball
1-0: Ball
2-0: Ball
3-0: Called Strike
3-1: Called Strike
3-2: Strikes out swinging
Batting: RHB Kris Smith 0-0: Called Strike
0-1: Swinging Strike
0-2: Ball
1-2: Ball
2-2: Ball
3-2: Foul Ball, location: 3FF
3-2: Base on Balls
Batting: RHB Dewitt Mathews 0-0: Fielders Choice at 2nd, 6-4 (Groundball, 6, EV 88.1 MPH)
Top of the 9th over - 0 runs, 0 hits, 0 errors, 1 left on base; Sacramento 6 - Tacoma 5
BOTTOM OF THE 9TH
Tacoma Rainiers batting - Pitching for Sacramento River Cats : LHP Juan Díaz
Pitching: LHP Ismael Arechar
Batting: LHB Joe Myers 0-0: Ball
1-0: Foul Ball, location: 7LDF
1-1: Ground out 4-3 (Groundball, 4D, EV 100.6 MPH)
Pinch Hitting: RHB Ernesto Díaz 0-0: Called Strike
0-1: Ball
1-1: Ground out 6-3 (Groundball, 6, EV 85.0 MPH)
Batting: RHB Josh Hannemann 0-0: Called Strike
0-1: Called Strike
0-2: Foul Ball, location: 2F
0-2: Ball
1-2: Ball
2-2: Strikes out swinging
Bottom of the 9th over - 0 runs, 0 hits, 0 errors, 0 left on base; Sacramento 6 - Tacoma 5
Friday, May 3rd , 2024 - OOTP Baseball 24.10 Build 82